 Dungeon Crawl Stone Soup version 0.25-a0-975-gcae8493d64 (webtiles) character file.

Game seed: 17930321954584063657, levelgen mode: deterministic

2860 Flugslaktarn the Cleaver (level 9, -8/81 HPs)
             Began as a Deep Dwarf Fighter on May 10, 2020.
             Was a Believer of Uskayaw.
             Mangled by a two-headed ogre
             ... wielding a +0 giant spiked club
              (24 damage)
             ... on level 8 of the Dungeon.
             The game lasted 00:02:12 (3164 turns).

Flugslaktarn the Cleaver (Deep Dwarf Fighter)       Turns: 3164, Time: 00:02:12

Health: -8/81      AC:  7    Str: 21    XL:     9   Next: 47%
Magic:  4/4        EV:  8    Int:  8    God:    Uskayaw [**....]
Gold:   351        SH: 11    Dex: 15    Spells: 8/8 levels left

rFire    . . .     SeeInvis .   s - +3 war axe (flame)
rCold    . . .     Gourm    .   c - +0 kite shield
rNeg     . . .     Faith    .   b - +0 scale mail
rPois    .         Spirit   .   (no helmet)
rElec    .         Reflect  .   (no cloak)
rCorr    .         Harm     +   (no gloves)
MR       +....                  (no boots)
Stlth    ..........             i - amulet of harm
HPRegen  0.00/turn              (no ring)
MPRegen  0.09/turn              (no ring)

@: non-regenerating
A: damage resistance, heal wounds, sense surroundings 2, no regeneration
a: Heal Wounds, Stomp, Line Pass, Renounce Religion


You were on level 8 of the Dungeon.
You worshipped Uskayaw.
Uskayaw was noncommittal.
You were not hungry.

You visited 1 branch of the dungeon, and saw 8 of its levels.

You collected 351 gold pieces.

Inventory:

Hand Weapons
 a - a +0 war axe
 s - a +3 war axe of flaming (weapon)
   (You took it off Maggie on level 6 of the Dungeon)
 t - a +0 broad axe
   (You took it off an orc warrior on level 7 of the Dungeon)
Missiles
 n - a throwing net (quivered)
Armour
 b - a +0 scale mail (worn)
 c - a +0 kite shield (worn)
Jewellery
 i - an amulet of harm (around neck)
   (You found it on level 4 of the Dungeon)
Wands
 m - a wand of paralysis (16)
   (You found it on level 4 of the Dungeon)
 v - a wand of digging (3)
   (You found it on level 4 of the Dungeon)
 y - a wand of clouds (4)
   (You found it on level 7 of the Dungeon)
Scrolls
 g - a scroll of noise {unknown}
 k - 3 scrolls of identify {unknown}
 l - a scroll of remove curse {unknown}
 r - a scroll of amnesia {unknown}
 x - a scroll of vulnerability {unknown}
 z - a scroll of teleportation {unknown}
 A - 2 scrolls of blinking {unknown}
Potions
 d - 2 potions of might
 h - a potion of haste {unknown}
 j - a potion of curing {unknown}
 o - a potion of berserk rage {unknown}
 p - a potion of stabbing {unknown}
 q - 2 potions of cancellation {unknown}
 u - a potion of brilliance {unknown}
 w - a potion of heal wounds
Comestibles
 e - 16 rations
 f - 11 chunks of flesh


   Skills:
 + Level 5.6 Fighting
 * Level 8.8 Axes
 + Level 6.9 Armour
 + Level 6.8 Shields
 + Level 5.8 Invocations


You had 8 spell levels left.
You didn't know any spells.
Your spell library was empty.

Dungeon Overview and Level Annotations

Branches:
Dungeon (8/15)             Temple (0/1) D:6
   Lair: D:8-11

Altars:
Ashenzari
Dithmenos
Gozag
Hepliaklqana
Ru
Uskayaw
Xom
Yredelemnul


Innate Abilities, Weirdness & Mutations

You are resistant to damage.
You can heal yourself by infusing magical energy.
You passively map the area around you.
You do not regenerate.


Message History

You barely miss the two-headed ogre. You hit the howler monkey.
You burn the howler monkey.
The howler monkey is severely wounded.
Your shield and scale mail prevent you from hitting the two-headed ogre.
The howler monkey hits you but does no damage.
You block the two-headed ogre's attack.
The two-headed ogre hits you with a +0 giant club!!
The howler monkey hits you.
You slash the howler monkey! You burn the howler monkey.
You kill the howler monkey!
You hit the two-headed ogre. You burn the two-headed ogre.
The two-headed ogre hits you with a +0 giant spiked club!
You block the two-headed ogre's attack.
You can now pass through a line of other dancers.
You hit the two-headed ogre but do no damage.
The two-headed ogre is lightly wounded.
The two-headed ogre hits you with a +0 giant spiked club!
* * * LOW HITPOINT WARNING * * *
The two-headed ogre hits you with a +0 giant club!!
You die...

** * * * * ,*** * * , ,
,, ,,..##+#### , * , * ,
, , ,*, ,.......,, , , *
, ...... , , , , , *
,.....,,, , , * ≈* *
,,*#...#*, * * ≈ * ,
#...# ##### , , , *,
#..O##..... * , ,,+
#..@....... , ≈ ,,
#.......... *, ≈ , , ,
#.......... * , ,, , ,
*###.####.## * * ,≈≈ ≈
#######.###*,# * ≈ *#
≈#.........#... .# , , #≈
, ≈#.........#..., .#,
,,* ≈ #;
##.........#......# , , ,
#≈#####..........#......#
,


You could see a two-headed ogre.

Vanquished Creatures
  Maggie (D:6)
  Prince Ribbit (D:7)
  Menkaure (D:7)
  A water moccasin (D:8)
  2 orc warriors (D:7)
  2 ice beasts
  3 ogres
  3 phantoms
  A centaur (D:5)
  A bullfrog (D:6)
  2 howler monkeys
  6 crimson imps
  A quasit (D:5)
  A centaur zombie (D:5)
  4 hounds
  A jelly (D:7)
  An orc priest (D:7)
  6 orc wizards
  5 worker ants
  3 iguanas (D:7)
  A worker ant zombie (D:6)
  7 gnolls
  9 adders
  A shadow imp (D:5)
  An adder skeleton (D:7)
  3 worms
  A dart slug (D:2)
  2 leopard geckos
  13 orcs
  6 bats
  3 giant cockroaches
  5 goblins
  A hobgoblin (D:2)
  10 jackals
  3 quokkas
  A ball python (D:1)
  A ball python skeleton (D:4)
  6 frilled lizards
  A jackal zombie (D:6)
  6 kobolds
  A leopard gecko skeleton (D:7)
  A quokka skeleton (D:5)
  2 rats (D:2)
131 creatures vanquished.

Notes
Turn   | Place    | Note
-------+----------+-------------------------------------------
     0 | D:1      | Flugslaktarn the Deep Dwarf Fighter began the quest for the
                  | Orb.
     0 | D:1      | Reached XP level 1. HP: 20/20 MP: 1/1
    84 | D:2      | Reached XP level 2. HP: 14/27 MP: 2/2
    88 | D:2      | Reached skill level 3 in Axes
    91 | D:2      | Reached XP level 3. HP: 18/33 MP: 3/3
   135 | D:2      | Found a shattered altar of Ashenzari.
   190 | D:2      | Reached XP level 4. HP: 32/42 MP: 4/4
   392 | D:4      | Found a shadowy altar of Dithmenos.
   439 | D:4      | Noticed a phantom
   477 | D:4      | Killed a phantom
   477 | D:4      | Reached skill level 4 in Axes
   477 | D:4      | Reached XP level 5. HP: 39/49 MP: 5/5
   542 | D:4      | Noticed an ogre
   552 | D:4      | Killed an ogre
   552 | D:4      | Reached XP level 6. HP: 19/57 MP: 6/6
   631 | D:4      | Reached skill level 5 in Axes
   676 | D:4      | Found a hide-covered altar of Uskayaw.
   679 | D:4      | Found an opulent altar of Gozag.
   682 | D:4      | Found a sacrificial altar of Ru.
   696 | D:4      | Found a shimmering altar of Xom.
   708 | D:4      | Became a worshipper of Uskayaw the Reveler
   921 | D:4      | Reached * piety under Uskayaw
   925 | D:4      | Reached ** piety under Uskayaw
   977 | D:5      | Entered Level 5 of the Dungeon
   979 | D:5      | Found a basalt altar of Yredelemnul.
   992 | D:5      | Found a hazy altar of Hepliaklqana.
  1009 | D:5      | Reached skill level 1 in Invocations
  1130 | D:5      | Reached XP level 7. HP: 49/64 MP: 3/5
  1132 | D:5      | Reached *** piety under Uskayaw
  1182 | D:5      | Reached skill level 5 in Armour
  1182 | D:5      | Reached skill level 5 in Shields
  1470 | D:5      | Reached skill level 6 in Axes
  1529 | D:6      | Found a staircase to the Ecumenical Temple.
  1572 | D:6      | Reached **** piety under Uskayaw
  1657 | D:6      | Reached XP level 8. HP: 73/73 MP: 3/3
  1932 | D:6      | Noticed Maggie
  1984 | D:6      | Killed Maggie
  1984 | D:6      | Reached skill level 7 in Axes
  2343 | D:7      | Reached skill level 5 in Fighting
  2367 | D:7      | Noticed Menkaure
  2373 | D:7      | Killed Menkaure
  2457 | D:7      | Reached skill level 8 in Axes
  2457 | D:7      | Gained mutation: You passively map the area around you.
                  | [Deep Dwarf growth]
  2457 | D:7      | Reached XP level 9. HP: 51/81 MP: 3/3
  2510 | D:7      | Reached skill level 5 in Invocations
  2869 | D:7      | Noticed Prince Ribbit
  2871 | D:7      | Killed Prince Ribbit
  3157 | D:8      | Noticed a two-headed ogre
  3164 | D:8      | Mangled by a two-headed ogre

Illustrated notes

Levels and vault maps discovered:
D:1:      dpeg_arrival_tiny_a, layout_basic, serial_co_window_serial,
          co_window_of_opportunity_a, co_window_paths_a, co_window_paths_a,
          co_window_paths_a, co_window_paths_b, co_window_corner_a,
          co_window_cross_1, co_window_corner_a, co_window_paths_a,
          co_window_unsneaky_path_e, co_window_corner_ca, glass_columns_a,
          glass_columns_a, glass_columns_a
D:2:      layout_rooms, lemuel_crystal_altar, fiery_altar_vehumet,
          ashenzari_conservatory_becter, first_ration,
          corexii_hall_statues_deadend, uniq_jessica
D:3:      kb_forest_paths, layout_basic, hangedman_decor_points
D:4:      layout_basic, grunt_dithmenos_smoke_and_mirrors,
          grunt_temple_overflow_cloverleaf
D:5:      layout_cave_pools, overflow_temple_1_default, basic_altar,
          st_stairs_9, nicolae_zen_rock_garden
D:6:      layout_basic, temple_pool_b, serial_glass, glass_columns_a,
          glass_columns_a, glass_columns_a, glass_columns_a, uniq_maggie
D:7:      layout_basic, uniq_menkaure, uniq_prince_ribbit1
D:8:      cheibrodos_two_vegetables, layout_gridville, kennysheep_little_box

Skill      XL: |  1  2  3  4  5  6  7  8  9 |
---------------+----------------------------+-----
Axes           | 3 4 5 6 8 |  8.8
Fighting       | 3 4 5 |  5.6
Armour         | 4 5 6 |  6.9
Shields        | 4 5 6 |  6.8
Invocations    | 1 3 4 5 |  5.8

Action                   |  1- 3 |  4- 6 |  7- 9 || total
-------------------------+-------+-------+-------++-------
Melee: War axe           |    69 |   163 |   245 ||   477
 Abil: Heal Wounds       |     1 |     6 |    14 ||    21
 Stab: Paralysed         |       |       |     6 ||     6
  Eat: Chunk             |       |     1 |     7 ||     8
Armor: Scale mail        |    43 |   120 |    60 ||   223
Dodge: Dodged            |    26 |    64 |    56 ||   146
Block: Kite shield       |    39 |   108 |   111 ||   258

Table legend:
 A = Non-vault XP
 B = Vault XP
 C = Vault XP percentage of total XP
 D = Non-vault monster count
 E = Vault monster count
 F = Vault count percentage of total count
                 A         B        C        D         E       F
            +---------+---------+-------+---------+---------+-------
      Total |    3205 |     882 |  21.6 |     127 |       4 |   3.1
            +---------+---------+-------+---------+---------+-------
        D:1 |       5 |       0 |   0.0 |       4 |       0 |   0.0
        D:2 |     120 |       0 |   0.0 |      32 |       0 |   0.0
        D:3 |       6 |       0 |   0.0 |       5 |       0 |   0.0
        D:4 |     449 |       0 |   0.0 |      17 |       0 |   0.0
        D:5 |     524 |      40 |   7.1 |      16 |       1 |   5.9
        D:6 |     632 |     409 |  39.3 |      17 |       1 |   5.6
        D:7 |    1134 |     433 |  27.6 |      29 |       2 |   6.5
        D:8 |     335 |       0 |   0.0 |       7 |       0 |   0.0
            +---------+---------+-------+---------+---------+-------
